 Dungeon Crawl Stone Soup version 0.28-a0-906-g0406aca7d3 (webtiles) character file.

Game seed: 5730770127766908184

1873 siradein the Shooter (level 9, 0/55 HPs)
             Began as a Gargoyle Hunter on Nov 23, 2021.
             Was a Believer of Okawaru.
             Slain by a bullfrog (5 damage)
             ... on level 7 of the Dungeon.
             The game lasted 00:11:29 (9240 turns).

siradein the Shooter (Gargoyle Hunter)              Turns: 9240, Time: 00:11:29

Health: 0/55       AC: 22    Str: 16    XL:     9   Next: 14%
Magic:  11/11      EV: 14    Int: 13    God:    Okawaru [**....]
Gold:   326        SH:  0    Dex: 12    Spells: 8/8 levels left

rFire   . . .      SeeInvis .   m - +0 flail
rCold   . . .      Faith    .   (no shield)
rNeg    + . .      Spirit   .   k - +0 plate armour
rPois   ∞          Reflect  .   v - +0 helmet
rElec   +          Harm     .   e - +0 cloak
rCorr   .          Rampage  .   j - +0 pair of gloves
Will    .....                   (no boots)
Stlth   ..........              (no amulet)
HPRegen 0.18/turn               n - +4 ring of evasion
MPRegen 0.12/turn               o - +4 ring of evasion

@: no status effects
A: sickness immunity, AC +6, negative energy resistance 1, electricity
resistance, torment resistance 1, petrification resistance
a: Renounce Religion, Heroism


You were on level 7 of the Dungeon.
You worshipped Okawaru.
Okawaru was pleased with you.
You visited 2 branches of the dungeon, and saw 9 of its levels.

You collected 352 gold pieces.
You spent 26 gold pieces at shops.

Inventory:

Hand Weapons
 a - a +1 shortbow
 m - a +0 flail (weapon)
Missiles
 d - 86 arrows
 s - 3 boomerangs (quivered)
Armour
 e - a +0 cloak (worn)
 j - a +0 pair of gloves (worn)
 k - a +0 plate armour (worn)
 v - a +0 helmet (worn)
Jewellery
 n - a +4 ring of evasion (left hand)
 o - a +4 ring of evasion (right hand)
 u - a ring of positive energy
Wands
 c - a wand of flame (17)
Scrolls
 b - a scroll of teleportation {unknown}
 g - 2 scrolls of blinking
 i - 2 scrolls of amnesia
 l - a scroll of holy word
 p - a scroll of immolation
 r - a scroll of enchant armour
 t - a scroll of fog
Potions
 f - 2 potions of curing
 h - 3 potions of lignification
 q - a potion of flight {unknown}
 w - a potion of cancellation {unknown}


   Skills:
 + Level 5.9 Fighting
 + Level 4.5 Maces & Flails
 + Level 6.5 Bows
 + Level 4.8 Armour
 + Level 4.4 Dodging
 - Level 1.1 Stealth
 + Level 3.2 Invocations


You had 8 spell levels left.
You didn't know any spells.
Your spell library contained the following spells:

 Spells                   Type           Power      Damage    Failure   Level
 Passwall                 Tmut/Erth      0%         N/A       100%        2
 Swiftness                Air            0%         N/A       100%        3


Dungeon Overview and Level Annotations

Branches:
Dungeon (8/15)             Temple (1/1) D:4
   Lair: D:8-11

Altars:
Cheibriados
Dithmenos
Elyvilon
Fedhas
Gozag
Okawaru
Ru
Trog
Vehumet
Wu Jian
Yredelemnul
Zin
The Shining One

Shops:
D:6 ::(*

Annotations:
D:8 Joseph


Innate Abilities, Weirdness & Mutations

You are immune to sickness and miasma.
Your stone body is resilient. (AC +6)
You are immune to poison.
You resist negative energy. (rN+)
You are resistant to electric shocks. (rElec)
You are resistant to unholy torment.
You are immune to petrification.


Message History

The bullfrog barely misses you. The bullfrog barely misses you.
Joseph shoots a sling bullet.
The sling bullet hits you!
* * * LOW HITPOINT WARNING * * *
x2 The bullfrog hits you but does no damage.
The bullfrog barely misses you.
The bullfrog hits you but does no damage.
The bullfrog hits you.
* * * LOW HITPOINT WARNING * * *
The bullfrog barely misses you. The bullfrog closely misses you.
The bullfrog closely misses you.
You see here 25 bolts.
The bullfrog hits you but does no damage.
There is a stone staircase leading up here.
The bullfrog barely misses you. The bullfrog closely misses you.
You climb upwards.
There is a stone staircase leading down here.
You barely miss the bullfrog. The bullfrog closely misses you.
The bullfrog hits you but does no damage.
The bullfrog barely misses you. The bullfrog misses you.
You are too injured to fight recklessly!
You sock the bullfrog!
The bullfrog is heavily wounded.
The bullfrog barely misses you. The bullfrog misses you.
You hit the bullfrog but do no damage.
The bullfrog is heavily wounded.
The bullfrog hits you but does no damage.
You closely miss the bullfrog.
The bullfrog is heavily wounded.
The bullfrog barely misses you. The bullfrog closely misses you.
You hit the bullfrog.
The bullfrog is severely wounded.
The bullfrog hits you but does no damage.
The bullfrog misses you.
You hit the bullfrog.
The bullfrog is almost dead.
The bullfrog misses you. The bullfrog hits you.
You die...

#........#####
#............#
####.........#
#.........##########
####.........##.......#
...#.........##.#####.#
....................#.#
#..#.........#.####.#.#
#..............F@.....#
####........>#.##...###
# ###########...[..#
#####..# #..# #..# #..#
###### #..#
##....########..#


You could see a bullfrog.

Vanquished Creatures
  A hornet (D:6)
  An orc warrior (D:6)
  2 sky beasts (D:6)
  2 black bears (D:5)
  3 ogres
  A scorpion (D:5)
  2 howler monkeys
  A bullfrog zombie (D:5)
  3 hounds
  A jelly (D:6)
  A centaur skeleton (D:7)
  5 orc priests
  2 bullfrog skeletons
  Terence (D:3)
  7 orc wizards
  A hound skeleton (D:4)
  9 adders
  A shadow imp (D:6)
  2 ufetubi (D:4)
  2 worms
  5 dart slugs
  27 orcs
  3 ball pythons
  7 bats
  9 endoplasms
  4 giant cockroaches
  11 goblins
  4 hobgoblins
  6 kobolds
  5 quokkas
  4 frilled lizards
  A goblin skeleton (D:6)
  A goblin zombie (D:6)
  2 hobgoblin zombies (D:6)
  2 kobold skeletons (D:6)
  A kobold zombie (D:6)
  An orc skeleton (D:6)
  An orc zombie (D:6)
  4 rats
146 creatures vanquished.

Vanquished Creatures (others)
  An orc wizard (D:3)
1 creature vanquished.

Grand Total: 147 creatures vanquished

Notes
Turn   | Place    | Note
-------+----------+-------------------------------------------
     0 | D:1      | siradein the Gargoyle Hunter began the quest for the Orb.
     0 | D:1      | Reached XP level 1. HP: 12/12 MP: 1/1
   253 | D:1      | Reached XP level 2. HP: 18/18 MP: 2/2
   811 | D:1      | Reached XP level 3. HP: 21/22 MP: 3/3
  1622 | D:2      | Found a faded altar of an unknown god.
  1806 | D:2      | Reached XP level 4. HP: 26/28 MP: 4/4
  1883 | D:2      | Reached skill level 1 in Maces & Flails
  2646 | D:3      | Reached XP level 5. HP: 16/32 MP: 5/5
  2853 | D:3      | Reached skill level 1 in Armour
  3070 | D:3      | Noticed Terence
  3078 | D:3      | Killed Terence
  3421 | D:3      | Reached XP level 6. HP: 23/38 MP: 6/6
  3940 | D:4      | Reached skill level 5 in Bows
  4092 | D:4      | Found a staircase to the Ecumenical Temple.
  4170 | Temple   | Entered the Ecumenical Temple
  4215 | Temple   | Became a worshipper of Warmaster Okawaru
  4700 | D:4      | Reached XP level 7. HP: 41/43 MP: 7/7
  5061 | D:5      | Entered Level 5 of the Dungeon
  5061 | D:5      | Found a shadowy altar of Dithmenos.
  5251 | D:5      | Reached * piety under Okawaru
  5756 | D:5      | Reached skill level 1 in Invocations
  5762 | D:5      | Reached XP level 8. HP: 48/48 MP: 8/8
  6038 | D:6      | Found Uptetub's Book Shoppe.
  6150 | D:6      | Reached skill level 5 in Fighting
  6254 | D:6      | Found Wamaox's Weapon Shop.
  6952 | D:6      | Found Imisodi's Book Shop.
  7026 | D:6      | Reached skill level 6 in Bows
  7144 | D:6      | Noticed a hornet
  7156 | D:6      | Killed a hornet
  7156 | D:6      | Reached ** piety under Okawaru
  7331 | D:6      | Found a glowing golden altar of the Shining One.
  7439 | D:6      | Found Ukli's General Store.
  7442 | D:6      | Bought a scroll of identify for 26 gold pieces
  8102 | D:6      | Reached XP level 9. HP: 41/55 MP: 11/11
  8839 | D:7      | Found a glowing silver altar of Zin.
  9207 | D:8      | Noticed Joseph
  9210 | D:8      | HP: 2/55 [Joseph/sling bullet (2)]
  9218 | D:8      | HP: 1/55 [bullfrog (3)]
  9240 | D:7      | Slain by a bullfrog

Illustrated notes

Levels and vault maps discovered:
D:1:      pf_arrival_petrified_forest, layout_basic
D:2:      wander_river, layout_loops_corners, chequers_ecumenical_altar_island,
          grunt_ministairs_15
D:3:      cheibrodos_pilgrimage, layout_loops_ring, uniq_terence
D:4:      layout_loops_corners, minmay_temple_entry_drinking_statues
D:5:      layout_rooms, mainiacjoe_overflow_catwalk
D:6:      layout_basic, nicolae_tso_besieged_by_evil, serial_shops,
          nicolae_shop_crystal, nicolae_shop_trees, kennysheep_little_box,
          nicolae_shop_window_shopping
D:7:      layout_basic, mainiacjoe_overflow_alcove_1, serial_shops,
          nicolae_shop_trees
D:8:      layout_loops_ring, nemelex_diamond_rough_becter,
          grunt_ashenzari_visionary [grunt_ashenzari_visionary_shoals,
          grunt_ashenzari_visionary_spider], lemuel_round_altar, uniq_joseph
Temple:   cyrus_temple_forest

Skill      XL: |  1  2  3  4  5  6  7  8 |
---------------+-------------------------+-----
Dodging        | 2 3 4 |  4.4
Fighting       | 3 4 5 |  5.9
Maces & Flails | 1 2 3 4 |  4.5
Armour         | 1 2 3 4 |  4.8
Bows           | 5 6 |  6.5
Invocations    | 1 3 |  3.2
Stealth        | |  1.1

Action                   |  1- 3 |  4- 6 |  7- 9 || total
-------------------------+-------+-------+-------++-------
Melee: Short sword       |    65 |       |       ||    65
       Mace              |    48 |   208 |   267 ||   523
       Flail             |       |       |    51 ||    51
 Fire: Shortbow          |       |       |    12 ||    12
Throw: Boomerang         |       |       |     6 ||     6
Invok: Heroism           |       |       |     1 ||     1
  Use: Scroll            |       |       |    10 ||    10
 Stab: Sleeping          |       |     1 |       ||     1
Armor: Leather armour    |    61 |     8 |       ||    69
       Chain mail        |       |   143 |   136 ||   279
       Plate armour      |       |       |    41 ||    41
Dodge: Dodged            |    86 |   104 |   348 ||   538

Table legend: (Time is in decaauts)
 A = Elapsed time spent in this place.
 B = Non-inter-level travel time spent in this place.
 C = Inter-level travel time spent in this place.
 D = Time resting spent in this place.
 E = Time spent auto-exploring this place.
 F = Levels seen in this place.
 G = Mean time per level.
                   A        B        C        D        E       F      G
               +--------+--------+--------+--------+--------+-----+--------+
         Total |   9433 |   9236 |    197 |   1344 |   6194 |   9 | 1048.1 |
       Dungeon |   9346 |   9190 |    156 |   1344 |   6158 |   8 | 1168.2 |
        Temple |     86 |     45 |     41 |      0 |     36 |   1 |   86.0 |
               +--------+--------+--------+--------+--------+-----+--------+

Top non-repeatable levels by time:
     D:6: 2228 daAuts
     D:4: 1431 daAuts
     D:2: 1363 daAuts
     D:1: 1362 daAuts
     D:3: 1275 daAuts
     D:5: 1030 daAuts
     D:7: 562 daAuts
     D:8: 92 daAuts
  Temple: 86 daAuts
